 Dungeon Crawl Stone Soup version 0.17-a0-1421-g95311d7 (webtiles) character file.

28 patman the Sneak (level 3, -2/19 HPs)
             Began as a Vine Stalker Assassin on June 24, 2015.
             Slain by a centaur zombie (6 damage)
             ... on level 3 of the Dungeon.
             The game lasted 00:02:54 (559 turns).

patman the Sneak (Vine Stalker Assassin)             Turns: 559, Time: 00:02:55

Health: -2/19      AC:  3    Str: 11    XL:     3   Next: 12%
Magic:  0/4        EV: 12    Int: 11    God:
Gold:   82         SH:  0    Dex: 16    Spells: 0 memorised, 2 levels left

rFire  . . .     SeeInvis .     i - +2 dagger (venom)
rCold  . . .     Clarity  .     c - +0 robe
rNeg   . . .     SustAt   .     (no shield)
rPois  +         Gourm    .     (no helmet)
rElec  .         Spirit   +     d - +0 cloak
rCorr  .         Warding  .     (no gloves)
rMut   .         Rnd*Tele +     (no boots)
MR     .....                    (no amulet)
Stlth  +++.......               (no ring)
                                j - ring of teleportation (curse)

@: not resistant to hostile enchantments, fairly stealthy
A: fangs 2, poison resistance, regeneration 1, weak 1, magic shield, antimagic
bite, no device heal 3, rot immunity
a: Evoke Teleportation


You were on level 3 of the Dungeon.
You were not hungry.

You visited 1 branch of the dungeon, and saw 3 of its levels.

You collected 82 gold pieces.

Inventory:

Hand weapons
 a - a +2 dagger
 b - a +0 blowgun
 i - a +2 dagger of venom (weapon)
Missiles
 e - 8 poisoned needles
 f - 2 curare-tipped needles
Armour
 c - a +0 robe (worn)
 d - a +0 cloak (worn)
 k - a +0 ring mail
Jewellery
 j - a cursed ring of teleportation (left hand)
Potions
 l - a potion of heal wounds {unknown}
 m - a potion of brilliance {unknown}
 n - a potion of lignification
 o - 3 potions of curing {unknown}
Comestibles
 g - 2 bread rations
 h - a chunk of flesh


   Skills:
 * Level 2.6 Fighting
 - Level 1.7 Short Blades
 - Level 1.7 Throwing
 * Level 1.5 Dodging
 - Level 4.9 Stealth


You had 2 spell levels left.
You didn't know any spells.

Dungeon Overview and Level Annotations

Branches:
Dungeon (3/15)

Altars:


Innate Abilities, Weirdness & Mutations

You have extremely sharp teeth.
Your natural rate of healing is unusually fast.
When hurt, damage is shared between your health and your magic reserves.
Your bite disrupts and absorbs the magic of your enemies.
Potions and wands cannot restore your health.
You are immune to rotting.
Your system is resistant to poisons.
You are weak. (Str -2)


Message History

The giant gecko zombie barely misses you.
You hit the centaur zombie. The centaur zombie hits you.
The giant gecko zombie closely misses you.
You hit the centaur zombie but do no damage.
The centaur zombie barely misses you.
The giant gecko zombie bites you but does no damage.
The centaur zombie hits you.
You hit the centaur zombie. The centaur zombie barely misses you.
The giant gecko zombie misses you.
You hit the centaur zombie. You bite the centaur zombie. You drain its power.
You feel invigorated. The centaur zombie hits you.
The giant gecko zombie bites you.
You hit the centaur zombie. The centaur zombie hits you.
* * * LOW HITPOINT WARNING * * *
The giant gecko zombie bites you.
* * * LOW HITPOINT WARNING * * *
You are too injured to fight recklessly!
The centaur zombie hits you but does no damage.
The centaur zombie hits you!
You die...

.#.# #...#............## ....
....##.#...#....#.##...#...8.
. #..#..##...................
# #....##...#........$......
#### #.......##..............
...###.......................
##.#...#...................$.
##...####.#......ZZ...##.....
.#...####.......@............
.............................
.......##................#...
.##........[..............#
...........#.............##
..#............##....##...
.............#..#....# ##
####........###.##..##
##......## ..#..#


You could see a giant gecko zombie and a centaur zombie.

Vanquished Creatures
  2 adders (D:2)
  A bat (D:1)
  2 giant cockroaches
  2 goblins
  2 kobolds (D:2)
  A giant newt (D:1)
  3 rats
13 creatures vanquished.

Notes
Turn   | Place    | Note
--------------------------------------------------------------
     0 | D:1      | patman the Vine Stalker Assassin began the quest for the Orb.
     0 | D:1      | Reached XP level 1. HP: 11/11 MP: 2/2
    79 | D:2      | Reached skill level 1 in Dodging
    79 | D:2      | Reached XP level 2. HP: 15/15 MP: 3/3
   323 | D:2      | Reached XP level 3. HP: 19/19 MP: 4/4
   476 | D:2      | Gained mutation: Your system is resistant to poisons. [potion of mutation]
   476 | D:2      | Gained mutation: You are weak. (Str -2) [potion of mutation]
   559 | D:3      | Slain by a centaur zombie

Vault maps used:
D:1:      dpeg_arrival_concentric_ovals
D:2:      nicolae_overflow_hidden_temple, first_bread, minmay_misc_feat_five
D:3:      serial_undead, serial_undead_e, serial_undead_c, serial_undead_f,
          serial_undead_d

Action                   || total
-------------------------++-------
Melee: Dagger            ||    28
  Use: Scroll            ||     3
       Potion            ||     1
 Stab: Sleeping          ||     6
